AA
OKLAHOMA CITY 89'ERS @ CAMDEN SAND TIGERS
06/08/2060
 
TOP OF THE 1ST
Oklahoma City 89'ers batting - Pitching for Camden Sand Tigers : RHP Hazen Reyes
Pitching: RHP Hazen Reyes
Batting: RHB Tyson Axtell 0-0: Called Strike
0-1: Foul Ball, location: 2F
0-2: SOLO HOME RUN (Flyball, 7D, EV 97.5 MPH), Distance : 373 ft
Batting: RHB Roger D'Andrea 0-0: Ball
1-0: Ball
2-0: SINGLE (Groundball, 15S, EV 66.2 MPH) (infield hit)
Batting: LHB Adrien Davis 0-0: Swinging Strike
0-1: Foul Ball, location: 2F
0-2: Strikes out swinging
Batting: RHB Joseph Skehan 0-0: Ball
1-0: Ball
2-0: Called Strike
2-1: Called Strike
2-2: Strikes out swinging
Roger D'Andrea is caught stealing 2nd base 2-4
Batter strikes out.
Top of the 1st over - 1 run, 2 hits, 0 errors, 0 left on base; Oklahoma City 1 - Camden 0
BOTTOM OF THE 1ST
Camden Sand Tigers batting - Pitching for Oklahoma City 89'ers : RHP Jonah Thomas
Pitching: RHP Jonah Thomas
Batting: SHB Jared Manning 0-0: Ball
1-0: Ball
2-0: Ball
3-0: Base on Balls
Batting: RHB Cale Bacon 0-0: SINGLE (Line Drive, 34, EV 105.0 MPH)
Jared Manning to second
Batting: SHB Evan Doyon 0-0: Ball
1-0: Ball
2-0: Called Strike
2-1: Swinging Strike
2-2: 3-RUN HOME RUN (Flyball, 9D, EV 96.9 MPH), Distance : 375 ft
Batting: RHB Arel Dennis 0-0: Fly out, F8 (Flyball, 8LM, EV 95.6 MPH)
Batting: RHB Owen Orth 0-0: Ball
1-0: Ball
2-0: Ball
3-0: Called Strike
3-1: Foul Ball, location: 2F
3-2: Base on Balls
Batting: LHB Bradley Campbell 0-0: Called Strike
0-1: Foul Ball, location: 2F
0-2: SINGLE (Groundball, 34D, EV 111.9 MPH)
Owen Orth to second
Throwing error, E9
Owen Orth scores
Bradley Campbell to second
Batting: RHB Al Schaut 0-0: Ball
1-0: Ball
2-0: Ball
3-0: Called Strike
3-1: Base on Balls
Batting: RHB Garick Rieck 0-0: Ball
1-0: Called Strike
1-1: Ball
2-1: Ball
3-1: Fielders Choice at 2nd, 3-6 (Groundball, 34, EV 83.1 MPH)
Bradley Campbell to third
Batting: RHB Owen Batten 0-0: Called Strike
0-1: Called Strike
0-2: Ball
1-2: Fly out, F7 (Flyball, 7, EV 88.8 MPH)
Bottom of the 1st over - 4 runs, 3 hits, 1 error, 2 left on base; Oklahoma City 1 - Camden 4
TOP OF THE 2ND
Oklahoma City 89'ers batting - Pitching for Camden Sand Tigers : RHP Hazen Reyes
Batting: LHB Alvan Goldsmith 0-0: Ground out 4-3 (Groundball, 34D, EV 101.9 MPH)
Batting: RHB Logan Michalski 0-0: Swinging Strike
0-1: Fly out, F8 (Flyball, 8RXD, EV 104.4 MPH)
Batting: RHB Shannon Cox 0-0: Swinging Strike
0-1: Ball
1-1: Foul Ball, location: 2F
1-2: Strikes out swinging
Top of the 2nd over - 0 runs, 0 hits, 0 errors, 0 left on base; Oklahoma City 1 - Camden 4
BOTTOM OF THE 2ND
Camden Sand Tigers batting - Pitching for Oklahoma City 89'ers : RHP Jonah Thomas
Batting: SHB Jared Manning 0-0: Ball
1-0: Foul Ball, location: 2F
1-1: Ball
2-1: Foul Ball, location: 2F
2-2: Strikes out swinging
Batting: RHB Cale Bacon 0-0: Ball
1-0: Ball
2-0: Called Strike
2-1: Swinging Strike
2-2: Strikes out swinging
Batting: SHB Evan Doyon 0-0: Foul Ball, location: 2F
0-1: Ball
1-1: Swinging Strike
1-2: Strikes out swinging
Bottom of the 2nd over - 0 runs, 0 hits, 0 errors, 0 left on base; Oklahoma City 1 - Camden 4
TOP OF THE 3RD
Oklahoma City 89'ers batting - Pitching for Camden Sand Tigers : RHP Hazen Reyes
Batting: RHB Mitchell Bryant 0-0: Ball
1-0: Called Strike
1-1: Called Strike
1-2: Fly out, F4 (Popup, 4D, EV 59.4 MPH)
Batting: RHB J.R. Foley 0-0: Ball
1-0: Called Strike
1-1: Called Strike
1-2: SINGLE (Groundball, 6MD, EV 98.8 MPH)
Batting: RHB Tyson Axtell 0-0: Foul Ball, location: 2F
0-1: Ball
1-1: Ball
2-1: Grounds into double play, 4-6-3 (Groundball, 4, EV 105.0 MPH)
Top of the 3rd over - 0 runs, 1 hit, 0 errors, 0 left on base; Oklahoma City 1 - Camden 4
BOTTOM OF THE 3RD
Camden Sand Tigers batting - Pitching for Oklahoma City 89'ers : RHP Jonah Thomas
Batting: RHB Arel Dennis 0-0: Called Strike
0-1: Swinging Strike
0-2: Ball
1-2: Ball
2-2: Strikes out swinging
Batting: RHB Owen Orth 0-0: Ground out 6-3 (Groundball, 56, EV 88.1 MPH)
Batting: LHB Bradley Campbell 0-0: Ball
1-0: Ball
2-0: Swinging Strike
2-1: Foul Ball, location: 2F
2-2: Strikes out swinging
Bottom of the 3rd over - 0 runs, 0 hits, 0 errors, 0 left on base; Oklahoma City 1 - Camden 4
TOP OF THE 4TH
Oklahoma City 89'ers batting - Pitching for Camden Sand Tigers : RHP Hazen Reyes
Batting: RHB Roger D'Andrea 0-0: Ball
1-0: SINGLE (Groundball, 56D, EV 103.8 MPH)
Batting: LHB Adrien Davis 0-0: Ball
Wild Pitch!
Roger D'Andrea to second
1-0: Called Strike
1-1: Foul Ball, location: 2F
1-2: Strikes out swinging
Batting: RHB Joseph Skehan 0-0: SINGLE (Groundball, 6D, EV 95.0 MPH)
Roger D'Andrea to third
Runner from 3rd tries for Home, SAFE, throw by LF to home
Batting: LHB Alvan Goldsmith 0-0: Ball
1-0: Swinging Strike
1-1: Fly out, F3 (Popup, 3, EV 61.9 MPH)
Batting: RHB Logan Michalski 0-0: Ball
1-0: SINGLE (Line Drive, 8LS, EV 102.5 MPH)
Joseph Skehan to second
Batting: RHB Shannon Cox 0-0: Swinging Strike
0-1: Fly out, F8 (Flyball, 8LM, EV 75.0 MPH)
Top of the 4th over - 1 run, 3 hits, 0 errors, 2 left on base; Oklahoma City 2 - Camden 4
BOTTOM OF THE 4TH
Camden Sand Tigers batting - Pitching for Oklahoma City 89'ers : RHP Jonah Thomas
Batting: RHB Al Schaut 0-0: Ball
1-0: Ball
2-0: Swinging Strike
2-1: Swinging Strike
2-2: Foul Ball, location: 2F
2-2: Strikes out looking
Batting: RHB Garick Rieck 0-0: Foul Ball, location: 2F
0-1: Foul Ball, location: 2F
0-2: Fly out, F3 (Popup, 3SF, EV 86.2 MPH)
Batting: RHB Owen Batten 0-0: Fly out, F8 (Flyball, 8RD, EV 104.4 MPH)
Bottom of the 4th over - 0 runs, 0 hits, 0 errors, 0 left on base; Oklahoma City 2 - Camden 4
TOP OF THE 5TH
Oklahoma City 89'ers batting - Pitching for Camden Sand Tigers : RHP Hazen Reyes
Batting: RHB Mitchell Bryant 0-0: Fly out, F9 (Flyball, 9LM, EV 88.8 MPH)
Batting: RHB J.R. Foley 0-0: Ball
1-0: Called Strike
1-1: Fly out, F4 (Line Drive, 4M, EV 68.1 MPH)
Batting: RHB Tyson Axtell 0-0: Foul Ball, location: 2F
0-1: Foul Ball, location: 2F
0-2: Ball
1-2: Ball
2-2: Ball
3-2: Foul Ball, location: 2F
3-2: Foul Ball, location: 2F
3-2: Base on Balls
Batting: RHB Roger D'Andrea 0-0: Fielders Choice at 2nd, 6-4 (Groundball, 6, EV 86.9 MPH)
Top of the 5th over - 0 runs, 0 hits, 0 errors, 1 left on base; Oklahoma City 2 - Camden 4
BOTTOM OF THE 5TH
Camden Sand Tigers batting - Pitching for Oklahoma City 89'ers : RHP Jonah Thomas
Batting: SHB Jared Manning 0-0: Ball
1-0: Ball
2-0: Ball
3-0: Called Strike
3-1: Base on Balls
Batting: RHB Cale Bacon 0-0: Ball
1-0: Called Strike
1-1: Foul Ball, location: 2F
1-2: Foul Ball, location: 2F
1-2: Fly out, F7 (Line Drive, 7S, EV 110.6 MPH)
Batting: SHB Evan Doyon 0-0: Ball
1-0: Called Strike
1-1: Ball
2-1: Ball
3-1: Fly out, F5 (Popup, 5S, EV 85.0 MPH)
Batting: RHB Arel Dennis 0-0: Ball
1-0: Ball
2-0: Ball
3-0: SINGLE (Groundball, 3D, EV 100.0 MPH)
Jared Manning to second
Runner from 2nd tries for 3rd, SAFE, throw by RF made to third
Batting: RHB Owen Orth 0-0: Called Strike
0-1: Ball
1-1: SINGLE (Groundball, 34, EV 101.9 MPH) (infield hit)
Jared Manning scores
Arel Dennis to second
Pitching: RHP Kody Wood
Batting: LHB Bradley Campbell 0-0: Ball
1-0: Foul Ball, location: 2F
1-1: Ground out 4-3 (Groundball, 4, EV 97.5 MPH)
Bottom of the 5th over - 1 run, 2 hits, 0 errors, 2 left on base; Oklahoma City 2 - Camden 5
TOP OF THE 6TH
Oklahoma City 89'ers batting - Pitching for Camden Sand Tigers : RHP Hazen Reyes
Batting: LHB Adrien Davis 0-0: Ball
1-0: Called Strike
1-1: Swinging Strike
1-2: Strikes out swinging
Batting: RHB Joseph Skehan 0-0: Called Strike
0-1: Ball
1-1: Foul Ball, location: 2F
1-2: SINGLE (Line Drive, 8LS, EV 106.2 MPH)
Batting: LHB Alvan Goldsmith 0-0: Ball
1-0: Called Strike
1-1: Foul Ball, location: 2F
1-2: Ball
2-2: Hit by Pitch
Joseph Skehan to second
Batting: RHB Logan Michalski 0-0: Ball
1-0: Called Strike
1-1: Foul Ball, location: 2F
1-2: Ball
2-2: Ball
3-2: Foul Ball, location: 2F
3-2: Fly out, F8 (Line Drive, 8RM, EV 86.2 MPH)
Batting: RHB Shannon Cox 0-0: Ball
1-0: Ball
2-0: Ball
3-0: Called Strike
3-1: Called Strike
3-2: Strikes out swinging
Top of the 6th over - 0 runs, 1 hit, 0 errors, 2 left on base; Oklahoma City 2 - Camden 5
BOTTOM OF THE 6TH
Camden Sand Tigers batting - Pitching for Oklahoma City 89'ers : RHP Kody Wood
Batting: RHB Al Schaut 0-0: Called Strike
0-1: Foul Ball, location: 2F
0-2: Foul Ball, location: 2F
0-2: Strikes out looking
Batting: RHB Garick Rieck 0-0: Ball
1-0: Foul Ball, location: 2F
1-1: Swinging Strike
1-2: Strikes out swinging
Batting: RHB Owen Batten 0-0: Ball
1-0: Ball
2-0: Ball
3-0: Called Strike
3-1: SOLO HOME RUN (Flyball, 7D, EV 96.2 MPH), Distance : 387 ft
Batting: SHB Jared Manning 0-0: Ball
1-0: Fly out, F9 (Line Drive, 9D, EV 93.1 MPH)
Bottom of the 6th over - 1 run, 1 hit, 0 errors, 0 left on base; Oklahoma City 2 - Camden 6
TOP OF THE 7TH
Oklahoma City 89'ers batting - Pitching for Camden Sand Tigers : RHP Hazen Reyes
Batting: RHB Mitchell Bryant 0-0: Ball
1-0: Called Strike
1-1: Called Strike
1-2: Fly out, F7 (Flyball, 7D, EV 100.0 MPH)
Batting: RHB J.R. Foley 0-0: Ball
1-0: Ball
2-0: Foul Ball, location: 2F
2-1: Swinging Strike
2-2: Reached on error, E3 (Groundball, 13, EV 89.4 MPH)
Batting: RHB Tyson Axtell 0-0: Ball
1-0: Ground out 6-3 (Groundball, 6, EV 106.2 MPH)
Batting: RHB Roger D'Andrea 0-0: Ball
1-0: Ball
2-0: Foul Ball, location: 2F
2-1: Swinging Strike
2-2: Ball
3-2: Strikes out looking
Top of the 7th over - 0 runs, 0 hits, 1 error, 1 left on base; Oklahoma City 2 - Camden 6
BOTTOM OF THE 7TH
Camden Sand Tigers batting - Pitching for Oklahoma City 89'ers : RHP Kody Wood
Batting: RHB Cale Bacon 0-0: Foul Ball, location: 2F
0-1: Swinging Strike
0-2: Ball
1-2: Ball
2-2: Foul Ball, location: 2F
2-2: Ball
3-2: Ground out 6-3 (Groundball, 6, EV 83.1 MPH)
Batting: SHB Evan Doyon 0-0: Called Strike
0-1: Ball
1-1: Ball
2-1: Ball
3-1: Foul Ball, location: 2F
3-2: Fly out, F2 (Popup, 2RF, EV 91.9 MPH)
Batting: RHB Arel Dennis 0-0: SINGLE (Groundball, 4MD, EV 96.9 MPH)
Pitching: RHP Kamari Hylton
Batting: RHB Owen Orth 0-0: Ball
1-0: Swinging Strike
1-1: Ball
2-1: Foul Ball, location: 2F
2-2: Ball
3-2: Strikes out looking
Bottom of the 7th over - 0 runs, 1 hit, 0 errors, 1 left on base; Oklahoma City 2 - Camden 6
TOP OF THE 8TH
Oklahoma City 89'ers batting - Pitching for Camden Sand Tigers : RHP Hazen Reyes
Pitching: RHP Gavin Rosnick
Batting: LHB Adrien Davis 0-0: Ball
1-0: Called Strike
1-1: Called Strike
1-2: Ball
2-2: Ball
3-2: Fly out, F8 (Flyball, 8LD, EV 101.9 MPH)
Batting: RHB Joseph Skehan 0-0: Called Strike
0-1: Called Strike
0-2: Ball
1-2: Foul Ball, location: 2F
1-2: Foul Ball, location: 2F
1-2: DOUBLE (Line Drive, 5D, EV 97.5 MPH)
Batting: LHB Alvan Goldsmith 0-0: Called Strike
0-1: Called Strike
0-2: Ball
1-2: Strikes out swinging
Batting: RHB Logan Michalski 0-0: Called Strike
0-1: Swinging Strike
0-2: Ball
1-2: Foul Ball, location: 2F
1-2: Strikes out swinging
Top of the 8th over - 0 runs, 1 hit, 0 errors, 1 left on base; Oklahoma City 2 - Camden 6
BOTTOM OF THE 8TH
Camden Sand Tigers batting - Pitching for Oklahoma City 89'ers : RHP Kamari Hylton
Batting: LHB Bradley Campbell 0-0: Called Strike
0-1: Ball
1-1: Ball
2-1: Called Strike
2-2: Strikes out swinging
Batting: RHB Al Schaut 0-0: Called Strike
0-1: Foul Ball, location: 2F
0-2: Ball
1-2: Strikes out looking
Batting: RHB Garick Rieck 0-0: Ball
1-0: Called Strike
1-1: Ball
2-1: Ball
3-1: Foul Ball, location: 2F
3-2: Foul Ball, location: 2F
3-2: Base on Balls
Batting: RHB Owen Batten 0-0: Ball
1-0: Foul Ball, location: 2F
1-1: Foul Ball, location: 2F
1-2: Foul Ball, location: 2F
1-2: Strikes out swinging
Bottom of the 8th over - 0 runs, 0 hits, 0 errors, 1 left on base; Oklahoma City 2 - Camden 6
TOP OF THE 9TH
Oklahoma City 89'ers batting - Pitching for Camden Sand Tigers : RHP Gavin Rosnick
Batting: RHB Shannon Cox 0-0: Called Strike
0-1: Fly out, F6 (Popup, 6, EV 50.6 MPH)
Batting: RHB Mitchell Bryant 0-0: Ground out 5-3 (Groundball, 15, EV 83.8 MPH)
Batting: RHB J.R. Foley 0-0: SINGLE (Groundball, 56, EV 108.8 MPH) (infield hit)
Batting: RHB Tyson Axtell 0-0: Called Strike
0-1: Foul Ball, location: 2F
0-2: Ball
1-2: Fly out, F9 (Flyball, 89M, EV 92.5 MPH)
Top of the 9th over - 0 runs, 1 hit, 0 errors, 1 left on base; Oklahoma City 2 - Camden 6
Tuesday, May 7th , 2024 - OOTP Baseball 23.10 Build 110